 Dungeon Crawl Stone Soup version 0.20.1-1-g8b1a95d (webtiles) character file.

135 HammerPanzer the Cudgeler (level 4, -1/38 HPs)
             Began as a Draconian Berserker on Oct 25, 2017.
             Was a Believer of Trog.
             Slain by a jackal (2 damage)
             ... while paralysed
             ... on level 3 of the Dungeon.
             The game lasted 00:08:52 (2405 turns).

HammerPanzer the Cudgeler (Draconian Berserker)     Turns: 2405, Time: 00:08:53

Health: -1/38      AC:  5    Str: 19    XL:     4   Next: 97%
Magic:  4/4        EV:  2    Int:  8    God:    Trog [**....]
Gold:   70         SH:  0    Dex: 11    Spells: 3/3 levels left

rFire    . . .     SeeInvis .   a - +0 mace
rCold    . . .     Gourm    .   g - +0 shield
rNeg     . . .     Faith    .   (armour unavailable)
rPois    .         Spirit   .   (helmet restricted)
rElec    .         Reflect  .   (no cloak)
rCorr    .         Harm     .   (no gloves)
MR       .....                  (no boots)
Stlth    +.........             (no amulet)
Regen    0.2/turn               (no ring)
MPRegen  0.1/turn               (no ring)

@: paralysed, berserk cooldown, slowed
A: unfitting armour, cold-blooded, AC +5
a: Berserk, Trog's Hand, Burn Spellbooks, Renounce Religion


You were on level 3 of the Dungeon.
You worshipped Trog.
Trog was pleased with you.
You were hungry.

You visited 1 branch of the dungeon, and saw 3 of its levels.

You collected 70 gold pieces.

Inventory:

Hand Weapons
 a - a +0 mace (weapon)
 n - a +0 hunting sling
Missiles
 d - 3 tomahawks (quivered)
 o - 40 stones
Armour
 g - a +0 shield (worn)
Scrolls
 c - a scroll of teleportation {unknown}
 i - a scroll of fear {unknown}
 j - 2 scrolls of identify {unknown}
 k - a scroll of remove curse {unknown}
Potions
 e - a potion of flight {unknown}
 f - a potion of ambrosia {unknown}
 h - 2 potions of brilliance {unknown}
 l - 2 potions of curing {unknown}
 m - a potion of lignification {unknown}
Comestibles
 b - a bread ration
 p - a chunk of flesh


   Skills:
 - Level 3.5 Fighting
 + Level 4.4 Maces & Flails
 - Level 3.0 Dodging
 - Level 0.2 Stealth
 * Level 2.6 Shields


You had 3 spell levels left.
You didn't know any spells.

Dungeon Overview and Level Annotations

Branches:
Dungeon (3/15)

Altars:


Innate Abilities, Weirdness & Mutations

Your plain brown scales are hard. (AC +5)
You cannot fit into any form of body armour.
You are cold-blooded and may be slowed by cold attacks.


Message History

Trog appreciates your killing of a magic user.
The jackal barks!
Things that are here:
a dagger; a robe You feel a strong urge to attack something.
Items here: ))))) [[ †† Butcher an orc corpse? [(y)es/(c)hoosy/(n)o/(a)ll/(e)dible/(q)uit/?]
You butcher the orc corpse. x2
You feel your anger subside.
You are no longer berserk.
You pass out from exhaustion.
You feel yourself slow down. The jackal barely misses you.
The jackal bites you but does no damage.
The jackal bites you.
* * * LOW HITPOINT WARNING * * *
The jackal bites you but does no damage.
The jackal bites you.
* * * LOW HITPOINT WARNING * * *
The jackal bites you but does no damage.
The jackal bites you.
You die...

#.. #.# #.. #.) #?.# #.#
. ##...##.# #.(
##.....#.# ... o..
##........##.#..# #.# #
#..>............# #.# #.
##......h)##.#.. #.# .##
##.....#@# .# #.# ..
h......##.# .# # #.# #.
#####.#...##.#..# #.# #<
###.#.......# #<# #.
#.####........# #) #.#
##....... #. #.#
#........ ..
#####.######.##########.
#............ #.


You could see a jackal.

Vanquished Creatures
  An orc priest (D:3)
  Jessica (D:3)
  2 worms (D:2)
  A dart slug (D:1)
  5 leopard geckos
  6 orcs (D:3)
  11 goblins
  7 hobgoblins
  3 jackals
  2 quokkas
  5 bats
  2 frilled lizards
  6 kobolds
  5 rats
57 creatures vanquished.

Notes
Turn   | Place    | Note
-------+----------+-------------------------------------------
     0 | D:1      | HammerPanzer the Draconian Berserker began the quest for the Orb.
     0 | D:1      | Reached XP level 1. HP: 19/19 MP: 1/1
   205 | D:1      | Reached XP level 2. HP: 26/26 MP: 2/2
  1095 | D:2      | Reached XP level 3. HP: 29/31 MP: 3/3
  1251 | D:3      | Reached ** piety under Trog
  1477 | D:2      | Reached skill level 1 in Shields
  1655 | D:2      | Reached skill level 4 in Maces & Flails
  1995 | D:2      | Reached XP level 4. HP: 20/38 MP: 4/4
  2388 | D:3      | Noticed Jessica
  2397 | D:3      | Killed Jessica
  2404 | D:3      | HP: 1/38 [jackal (2)]
  2405 | D:3      | Slain by a jackal

Skill      XL: |  1  2  3  4 |
---------------+-------------+-----
Dodging        | 3 |  3.0
Shields        | 1 2 |  2.6
Maces & Flails | 4 |  4.4
Fighting       | |  3.5
Stealth        | |  0.2

Action                   |  1- 3 |  4- 6 || total
-------------------------+-------+-------++-------
Melee: Mace              |   170 |    34 ||   204
       Tailslap          |    16 |     4 ||    20
       Club              |     2 |       ||     2
 Fire: Hunting sling     |     4 |       ||     4
Invok: Berserk           |     2 |     1 ||     3
 Stab: Sleeping          |     1 |       ||     1
  Eat: Chunk             |     4 |     3 ||     7
Armor: Skin              |    63 |    11 ||    74
Dodge: Dodged            |   107 |    11 ||   118
Block: Shield            |    67 |     8 ||    75
